 Dungeon Crawl Stone Soup version 0.21.1-1-g345015f (webtiles) character file.

19195 twistedcrescendo the Warrior (level 12, -3/121 HPs)
             Began as a Minotaur Berserker on June 20, 2018.
             Was a High Priest of Trog.
             Killed by divine providence
             ... invoked by an orc high priest
              (16 damage)
             ... on level 2 of the Orcish Mines.
             The game lasted 01:07:13 (11305 turns).

twistedcrescendo the Warrior (Minotaur Berserker)  Turns: 11305, Time: 01:07:14

Health: -3/121     AC: 21    Str: 35    XL:     12   Next: 34%
Magic:  11/11      EV: 13    Int:  4    God:    Trog [*****.]
Gold:   638        SH:  0    Dex: 15    Spells: 11/11 levels left

rFire    + . .     SeeInvis .   s - +5 flail
rCold    + . .     Gourm    .   (no shield)
rNeg     . . .     Faith    .   q - +0 plate armour
rPois    +         Spirit   .   n - +2 hat
rElec    +         Reflect  .   B - +2 cloak {MR+}
rCorr    .         Harm     .   i - +1 pair of gloves
MR       .....                  (no boots)
Stlth    ..........             (no amulet)
HPRegen  0.30/turn              E - ring "Fayt" {*Contam rPois rF+ Str+7}
MPRegen  0.12/turn              Q - ring "Gesoz" {rElec rC+ MR- Str+6 Stlth+}

@: berserk cooldown, heavily drained
A: retaliatory headbutt, horns 2
a: Berserk, Trog's Hand, Brothers in Arms, Burn Spellbooks, Renounce Religion


You were on level 2 of the Orcish Mines.
You worshipped Trog.
Trog was extremely pleased with you.
You were near starving.

You visited 3 branches of the dungeon, and saw 14 of its levels.

You collected 1178 gold pieces.
You spent 540 gold pieces at shops.

Inventory:

Hand Weapons
 s - a +5 flail (weapon)
 z - a +2 quarterstaff of chaos
 A - a +1 flail of holy wrath
 U - a +0 morningstar of freezing
Missiles
 x - 4 javelins of returning (quivered)
 K - 8 tomahawks of returning
Armour
 i - a +1 pair of gloves (worn)
 n - a +2 hat (worn)
 q - a +0 plate armour (worn)
 B - a +2 cloak of magic resistance (worn)
Jewellery
 a - a +2 ring of protection {unknown}
 g - an uncursed ring of resist corrosion
 h - an uncursed amulet of guardian spirit {unknown}
 o - an uncursed amulet of regeneration {unknown}
 t - a +4 amulet of reflection {unknown}
 w - an uncursed ring of protection from cold
 D - an uncursed ring of protection from fire {unknown}
 E - the ring "Fayt" (left hand) {*Contam rPois rF+ Str+7}
   (You bought it in a shop on level 6 of the Dungeon)

   [ring of protection from fire]

   It affects your strength (+7).
   It protects you from fire.
   It protects you from poison.
   It causes magical contamination when unequipped.
 J - a cursed ring of loudness {unknown}
 Q - the ring "Gesoz" (right hand) {rElec rC+ MR- Str+6 Stlth+}
   (You found it on level 1 of the Lair of Beasts)

   [ring of protection from cold]

   It affects your strength (+6).
   It protects you from cold.
   It insulates you from electricity.
   It affects your resistance to hostile enchantments.
   It makes you more stealthy.
 V - an uncursed ring of ice
Wands
 u - a wand of random effects (69)
 y - a wand of polymorph (14)
 F - a wand of disintegration (16)
 P - a wand of enslavement (11)
Scrolls
 j - 4 scrolls of remove curse
 l - 3 scrolls of enchant armour
 m - 8 scrolls of amnesia
 r - 4 scrolls of teleportation
 H - 2 scrolls of immolation
 I - 2 scrolls of enchant weapon {unknown}
 O - a scroll of magic mapping
 R - 3 scrolls of identify
 T - 2 scrolls of silence {unknown}
 W - a scroll of acquirement {unknown}
Potions
 b - a potion of agility
 d - a potion of heal wounds
 e - 4 potions of curing
 f - a potion of cancellation {unknown}
 k - a potion of flight {unknown}
 p - 4 potions of degeneration
 v - 2 potions of haste {unknown}
 C - 4 potions of brilliance {unknown}
 G - a potion of lignification
 N - a potion of magic {unknown}
 S - a potion of berserk rage {unknown}
Books
 M - a book of Geomancy

   Spells                             Type                      Level
   a - Sandblast                      Earth                        1
   b - Passwall                       Transmutation/Earth          2
   c - Stone Arrow                    Conjuration/Earth            3
   d - Petrify                        Transmutation/Earth          4
   e - Lee's Rapid Deconstruction     Earth                        5
   Trog disapproves of the use of such an item.
Comestibles
 c - 20 rations
 X - a chunk of flesh


   Skills:
 + Level 15.5(13.4) Fighting
 - Level 12.0(10.0) Maces & Flails
 + Level 10.6(8.7) Armour
 + Level 9.7(7.9) Dodging


You had 11 spell levels left.
You didn't know any spells.

Dungeon Overview and Level Annotations

Branches:
Dungeon (9/15)             Temple (0/1) D:7            Lair (3/6) D:9
 Spider (0/4) Lair:2          Orc (2/2) D:9
  Swamp: Lair:2-4    Shoals: Lair:2-4       Elf: Orc:2

Altars:
Cheibriados
Nemelex Xobeh
Qazlal
Uskayaw
Wu Jian
Xom
The Shining One

Shops:
D:5 :   D:6 =   D:7 !


Innate Abilities, Weirdness & Mutations

You reflexively headbutt those who attack you in melee.
You have a pair of horns on your head.


Message History

You feel much better.
The orc warlord hits you with a great sword of draining!
* * * LOW HITPOINT WARNING * * *
You feel drained.
* * * LOW HITPOINT WARNING * * *
Your skin stops crawling.
You feel less resistant to hostile enchantments.
The orc warlord roars a battlecry!
Found a stone staircase leading up.
The orc warrior no longer looks unusually strong.
The troll bites you!
* * * LOW HITPOINT WARNING * * *
The troll closely misses you. x2
You feel yourself speed up.
The orc warlord roars a battlecry!
The orcs go into a battle-frenzy!
The orc high priest utters an invocation to Beogh.
The orc high priest mumbles some strange prayers to Beogh against you.
Beogh smites you!
You die...

#.## ###..## #.....##
###......# #........###
#..........##
###.....).....##
##..)...))))....#
###.......#@)....####
##.........#.........#
####..........##T.......#
##.#.........####oo......#
#..........)### ##.......#
.#.#...§§§....# ##4o......
....#o.§§§....###........#
..oo.###To.....##.o......#
).).###§§§..o..#...<..####


You could see an orc warlord, an orc high priest, an ice devil, a troll and 2
orc warriors.

Vanquished Creatures
  Gastronok (Lair:1)
  Fannar (Lair:2)
  3 hydras
  The ghost of twistedcrescendo the Fighter, a novice MiBe of Trog (D:9)
  Sonja (Lair:2)
  Urug (Lair:2)
  The ghost of Kagorn the Skirmisher, a novice OgMo of Makhleb (D:5)
  A cyclops (Orc:1)
  3 elephants (Lair:2)
  2 spiny frogs
  A jumping spider (Lair:2)
  A polar bear (Lair:2)
  Grinder (D:3)
  3 blink frogs (Lair:2)
  A redback (Lair:2)
  2 yaks (D:9)
  A spriggan (D:7)
  2 hungry ghosts
  Edmund (D:5)
  Duvessa (D:5)
  5 water moccasins
  A warg (Orc:2)
  12 orc warriors
  5 porcupines
  A black bear (D:9)
  2 sky beasts
  5 ogres
  13 wolves
  5 crocodiles
  A centaur (D:9)
  12 bullfrogs
  2 big kobolds
  A gnoll sergeant (D:8)
  Dowan (D:5)
  3 scorpions (D:5)
  13 killer bees
  A howler monkey (D:6)
  4 crimson imps
  A bullfrog skeleton (D:9)
  6 hounds
  10 orc priests
  3 jellies
  9 orc wizards
  Crazy Yiuf (D:5)
  4 iguanas
  4 worker ants
  A hound zombie (D:7)
  14 gnolls
  11 adders
  3 shadow imps
  3 adder zombies
  An ooze (D:4)
  An adder skeleton (D:7)
  3 worms
  3 dart slugs
  6 leopard geckos
  36 orcs
  6 bats
  2 giant cockroaches
  4 goblins
  7 hobgoblins
  10 jackals
  5 quokkas
  A ball python (D:2)
  7 frilled lizards
  A jackal zombie (D:6)
  12 kobolds
  A quokka skeleton (D:8)
  3 rats
  A butterfly (D:9)
296 creatures vanquished.

Vanquished Creatures (collateral kills)
  A stone giant (Orc:1)
  2 orc warriors (Orc:1)
  An orc priest (Orc:1)
  5 orcs (Orc:1)
9 creatures vanquished.

Vanquished Creatures (others)
  A fungus (D:9)
  A plant (Lair:1)
2 creatures vanquished.

Grand Total: 307 creatures vanquished

Notes
Turn   | Place    | Note
-------+----------+-------------------------------------------
     0 | D:1      | twistedcrescendo the Minotaur Berserker began the quest for the Orb.
     0 | D:1      | Reached XP level 1. HP: 19/19 MP: 0/0
   139 | D:1      | Reached XP level 2. HP: 12/27 MP: 1/1
   341 | D:1      | Reached skill level 4 in Fighting
   955 | D:2      | Reached XP level 3. HP: 34/34 MP: 2/2
  1021 | D:2      | You fall through a shaft!
  1399 | D:2      | Reached ** piety under Trog
  1770 | D:2      | Reached skill level 5 in Fighting
  1770 | D:2      | Reached skill level 5 in Maces & Flails
  1770 | D:2      | Reached XP level 4. HP: 41/42 MP: 3/3
  2081 | D:3      | Noticed Grinder
  2081 | D:3      | Paralysed by Grinder for 2 turns
  2090 | D:3      | Paralysed by Grinder for 4 turns
  2095 | D:3      | Killed Grinder
  2095 | D:3      | Reached skill level 6 in Fighting
  2095 | D:3      | Reached XP level 5. HP: 33/51 MP: 4/4
  2095 | D:3      | Reached XP level 6. HP: 37/58 MP: 5/5
  2595 | D:4      | Found a hide-covered altar of Uskayaw.
  2843 | D:5      | Entered Level 5 of the Dungeon
  2843 | D:5      | Noticed Edmund
  2849 | D:4      | Reached skill level 7 in Fighting
  2933 | D:5      | Killed Edmund
  2933 | D:5      | Reached XP level 7. HP: 52/66 MP: 6/6
  3003 | D:5      | Noticed Dowan
  3014 | D:5      | Killed Dowan
  3026 | D:5      | Noticed Duvessa
  3037 | D:5      | Killed Duvessa
  3037 | D:5      | Reached skill level 8 in Fighting
  3041 | D:5      | Found Zaaleh's Book Emporium.
  3344 | D:5      | Noticed Kagorn's ghost (novice OgMo)
  3386 | D:5      | Killed Kagorn's ghost
  3386 | D:5      | Reached skill level 9 in Fighting
  3386 | D:5      | Reached XP level 8. HP: 36/78 MP: 7/7
  3447 | D:5      | Found a runed door.
  3567 | D:5      | Noticed Crazy Yiuf
  3604 | D:5      | Killed Crazy Yiuf
  3947 | D:6      | Reached *** piety under Trog
  3961 | D:6      | Reached skill level 10 in Fighting
  3961 | D:6      | Reached skill level 10 in Maces & Flails
  3963 | D:6      | Found a sparkling altar of Nemelex Xobeh.
  4298 | D:6      | Found a snail-covered altar of Cheibriados.
  4512 | D:6      | Found Zooqeudi's Jewellery Emporium.
  4838 | D:6      | Reached XP level 9. HP: 76/86 MP: 8/8
  4991 | D:7      | Found a staircase to the Ecumenical Temple.
  5077 | D:7      | Found a glowing golden altar of the Shining One.
  5163 | D:7      | Reached skill level 11 in Fighting
  5172 | D:7      | Found Ifyvef's Distillery.
  5200 | D:7      | Bought a potion of lignification for 42 gold pieces
  5934 | D:8      | Reached **** piety under Trog
  6486 | D:8      | Found an ornate altar of the Wu Jian Council.
  6718 | D:9      | Found a stormy altar of Qazlal.
  6807 | D:9      | Reached skill level 12 in Fighting
  6849 | D:9      | Reached XP level 10. HP: 52/100 MP: 9/9
  7028 | D:9      | Reached skill level 13 in Fighting
  7033 | D:9      | Noticed twistedcrescendo's ghost (novice MiBe)
  7081 | D:9      | Killed twistedcrescendo's ghost
  7243 | D:9      | Reached skill level 5 in Armour
  7293 | D:9      | Found a shimmering altar of Xom.
  7333 | D:9      | Reached ***** piety under Trog
  7337 | D:9      | Found a staircase to the Orcish Mines.
  7458 | D:9      | Found a staircase to the Lair.
  7688 | Lair:1   | Entered Level 1 of the Lair of Beasts
  7689 | Lair:1   | Noticed Gastronok
  7706 | Lair:1   | Killed Gastronok
  7778 | Lair:1   | Reached XP level 11. HP: 96/108 MP: 10/10
  7946 | Lair:1   | Reached skill level 14 in Fighting
  7966 | Lair:1   | Noticed a five-headed hydra
  7974 | Lair:1   | Killed a five-headed hydra
  8298 | Lair:1   | Noticed a five-headed hydra
  8305 | Lair:1   | Killed a five-headed hydra
  8412 | Lair:1   | Got a translucent granite ring
  8583 | Lair:1   | Identified the ring "Gesoz" {rElec rC+ MR- Str+6 Stlth+} (You found it on level 1 of the Lair of Beasts)
  8659 | Lair:2   | Noticed Fannar
  8683 | Lair:2   | Killed Fannar
  8727 | Lair:2   | Received a gift from Trog
  8752 | Lair:2   | Got a crystal rapier {god gift}
  9023 | Lair:2   | Noticed a six-headed hydra
  9029 | Lair:2   | Killed a six-headed hydra
  9088 | Lair:2   | Found a hole to the Spider Nest.
  9173 | Lair:2   | Reached skill level 15 in Fighting
  9255 | Lair:2   | Noticed Sonja
  9274 | Lair:2   | Killed Sonja
  9975 | Lair:2   | Noticed Urug
  9995 | Lair:2   | Killed Urug
  9995 | Lair:2   | Reached XP level 12. HP: 68/119 MP: 11/11
 10244 | Lair:2   | Reached skill level 10 in Armour
 10609 | D:6      | Bought the ring "Fayt" {*Contam rPois rF+ Str+7} for 498 gold pieces
 10706 | Orc:1    | Entered Level 1 of the Orcish Mines
 10840 | Orc:1    | Noticed a stone giant
 10849 | Orc:1    | Killed a stone giant
 11189 | Orc:2    | Entered Level 2 of the Orcish Mines
 11241 | Orc:2    | Found a shimmering altar of Xom.
 11254 | Orc:2    | Noticed an orc warlord
 11262 | Orc:2    | Noticed an orc high priest
 11280 | Orc:2    | HP: 5/181 [orc high priest/divine providence (12)]
 11305 | Orc:2    | Killed from afar by an orc high priest

Skill      XL: |  1  2  3  4  5  6  7  8  9 10 11 12 |
---------------+-------------------------------------+-----
Maces & Flails | 4 5 6 7 9 10 12 | 12.0
Fighting       | 4 5 6 7 9 10 12 13 15 | 15.5
Armour         | 6 9 10 | 10.6
Dodging        | 6 9 |  9.7

Action                   |  1- 3 |  4- 6 |  7- 9 | 10-12 || total
-------------------------+-------+-------+-------+-------++-------
Melee: Mace              |    75 |       |       |       ||    75
       Headbutt          |    12 |     8 |    64 |   100 ||   184
       Flail             |    21 |    65 |   327 |   359 ||   772
Throw: Javelin           |       |     3 |       |     2 ||     5
Invok: Berserk           |       |       |     5 |     9 ||    14
       Trog's Hand       |       |       |     4 |     4 ||     8
       Brothers in Arms  |       |       |       |     1 ||     1
  Use: Scroll            |       |     3 |     9 |     5 ||    17
       Potion            |       |       |     1 |     3 ||     4
 Stab: Sleeping          |     1 |       |       |       ||     1
  Eat: Chunk             |     3 |     3 |    12 |    19 ||    37
       Ration            |       |       |     2 |     2 ||     4
Armor: Animal skin       |    18 |       |       |       ||    18
       Plate armour      |    27 |    55 |   236 |   240 ||   558
Dodge: Dodged            |    81 |    36 |   133 |   196 ||   446
